Map: Ulrena

Players

AiLillekanin (Lillekanin)

  • Race: Terran Terran
  • League: Master

Snovski - Winner!

  • Race: Protoss Protoss
  • League: Master

Event: DreamHack ZOWIE Open Leipzig

VOD

Have the link to the VOD?

Description

Time

  • Played on: Jan. 22, 2016, 7:29 a.m.
  • Length: 10:30

All games in this series

Show
View Real Time Build Order
Export as new Build Order

AiLillekanin Terran 

Build Orders: 1/1/1, Liberator Opening 

Get SALT Encoding   

  12  0:00  SCV  
  13  0:12  SCV  
  14  0:18  Supply Depot  
  14  0:24  SCV  
  15  0:40  SCV, Barracks  
  16  0:44  Refinery  
  16  0:50  Refinery  
  16  0:53  SCV  
  17  1:05  SCV  
  18  1:17  SCV  
  19  1:27  Marine  
  19  1:29  Orbital Command  
  20  1:34  Factory  
  20  1:44  Supply Depot  
  20  1:47  Barracks Reactor  
  20  1:55  SCV  
  21  2:07  SCV  
  22  2:17  Starport  
  22  2:18  Factory Tech Lab  
  22  2:19  SCV  
  23  2:23  Marine x2  
  23  2:28  Supply Depot  
  25  2:31  SCV  
  26  2:40  Liberator  
  26  2:41  Siege Tank  
  26  2:44  SCV  
  30  2:47  Marine  
  30  2:49  Marine  
  35  3:03  Supply Depot  
  35  3:06  Marine  
  35  3:08  Marine  
  37  3:23  Engineering Bay  
  37  3:24  Siege Tank  
  40  3:28  Marine  
  40  3:29  Marine  
  42  3:34  Supply Depot  
  42  3:40  Medivac  
  44  3:48  Marine  
  44  3:49  Barracks  
  45  3:57  Liberator  
  45  3:58  Missile Turret  
  45  4:00  Marine  
  46  4:06  Marine  
  50  4:18  Marine  
  51  4:30  Siege Tank  
  54  4:32  Marine  
  55  4:40  Supply Depot, Marine  
  55  4:42  Liberator  
  55  4:45  Marine  
  57  4:49  Marine  
  61  5:04  Marine  
  62  5:16  Marine  
  62  5:18  SCV  
  62  5:19  Barracks Tech Lab  
  64  5:33  Siege Tank  
  66  5:46  Marine  
  63  6:02  Viking x2  
  63  6:03  Marine  
  66  6:08  Marine  
  61  6:21  Marine  
  62  6:26  Marine  
  62  6:29  Combat Shields  
  63  6:35  Viking  
  63  6:39  Marine  
  66  6:43  Marine  
  67  6:50  Supply Depot  
  59  6:54  Viking  
  66  6:57  Marine  
  69  7:01  Marine  
  70  7:11  Viking  
  70  7:15  Marine  
  73  7:19  Marine  
  73  7:24  Viking  
  73  7:27  Supply Depot  
  75  7:32  Marine  
  76  7:37  Marine  
  77  7:48  Viking  
  77  7:49  Stimpack  
  77  7:50  Marine  
  80  7:55  Marine  
  81  8:01  Supply Depot, Viking  
  83  8:08  Marine  
  84  8:12  Marine  
  84  8:18  Viking  
  87  8:30  Marine x2  
  79  8:48  Marine x2  
  70  9:05  Viking  
  70  9:06  Marine x2  
  59  9:24  Marine x2  
  49  9:32  Viking  
  49  9:36  Viking  
  53  9:42  Marine x2  
  55  9:59  Marine  
  55  10:00  Marine  
Show
View Real Time Build Order
Export as new Build Order

Snovski Protoss - Winner!

Build Orders: 1 Gate Expand, Oracle Opening 

Get SALT Encoding   

  12  0:01  Probe (Chrono Boost)  
  13  0:11  Probe (Chrono Boost)  
  14  0:17  Pylon  
  14  0:22  Probe (Chrono Boost)  
  15  0:36  Probe (Chrono Boost)  
  15  0:39  Gateway  
  16  0:46  Probe (Chrono Boost)  
  18  0:57  Probe (Chrono Boost)  
  18  1:12  Nexus  
  18  1:14  Probe (Chrono Boost)  
  19  1:21  Assimilator  
  19  1:24  Assimilator  
  19  1:27  Probe (Chrono Boost)  
  20  1:36  Cybernetics Core  
  21  1:40  Probe (Chrono Boost)  
  21  1:50  Probe (Chrono Boost)  
  21  1:56  Pylon  
  21  2:01  Probe (Chrono Boost)  
  22  2:14  Adept (Chrono Boost)  
  24  2:20  Mothership Core (Chrono Boost)  
  26  2:24  Warp Gate  
  26  2:25  Probe (Chrono Boost)  
  27  2:36  Probe (Chrono Boost)  
  28  2:37  Pylon  
  28  2:39  Probe (Chrono Boost)  
  29  2:48  Probe (Chrono Boost)  
  29  2:49  Stargate  
  30  2:52  Adept  
  33  2:59  Probe (Chrono Boost)  
  33  3:05  Probe (Chrono Boost)  
  34  3:07  Pylon  
  35  3:12  Probe (Chrono Boost)  
  35  3:14  Assimilator  
  35  3:21  Probe (Chrono Boost)  
  35  3:24  Probe (Chrono Boost)  
  37  3:33  Probe (Chrono Boost)  
  38  3:39  Fleet Beacon  
  38  3:40  Probe (Chrono Boost)  
  39  3:45  Assimilator  
  39  3:47  Probe (Chrono Boost)  
  40  3:51  Pylon  
  40  3:57  Oracle (Chrono Boost)  
  40  4:00  Probe  
  44  4:09  Probe  
  44  4:14  Stargate  
  45  4:19  Probe  
  45  4:20  Pylon  
  45  4:23  Pylon  
  46  4:30  Tempest (Chrono Boost)  
  50  4:37  Pylon  
  50  4:43  Pylon  
  50  4:53  Stargate  
  50  4:57  Pylon  
  50  4:59  Probe  
  50  5:01  Probe  
  56  5:07  Tempest (Chrono Boost)  
  56  5:20  Pylon  
  56  5:22  Pylon  
  56  5:24  Probe  
  56  5:25  Probe  
  58  5:29  Pylon  
  62  5:47  Tempest (Chrono Boost)  
  62  5:50  Probe  
  62  5:52  Adept  
  62  5:54  Pylon  
  65  5:57  Probe  
  65  5:59  Pylon x2  
  65  6:03  Pylon  
  68  6:11  Tempest (Chrono Boost)  
  68  6:25  Nexus  
  68  6:28  Probe  
  69  6:40  Probe  
  69  6:41  Tempest (Chrono Boost)  
  74  6:52  Probe  
  75  6:58  Assimilator  
  75  7:05  Probe  
  75  7:07  Gateway  
  76  7:10  Gateway  
  76  7:17  Probe  
  77  7:29  Probe  
  82  7:32  Tempest (Chrono Boost)  
  82  7:35  Probe  
  83  7:41  Probe  
  84  7:47  Probe, Tempest (Chrono Boost)  
  89  8:00  Assimilator  
  89  8:10  Robotics Facility  
  89  8:19  Adept  
  95  8:20  Adept  
  95  8:21  Zealot  
  95  8:23  Tempest (Chrono Boost)  
  95  8:25  Pylon  
  98  8:28  Pylon  
  92  8:49  Tempest (Chrono Boost)  
  92  8:55  Zealot x3  
  88  9:13  Tempest (Chrono Boost)  
  81  9:18  Probe  
  61  9:31  Pylon  
  61  9:32  Pylon  
  61  9:37  Tempest (Chrono Boost)  
  65  9:40  Pylon  
  65  9:42  Pylon  
  65  9:45  Zealot  
  67  9:49  Probe  
  69  9:55  Mothership Core, Zealot x2  
  72  10:08  Probe  
  74  10:15  Probe  

Tags
 
Add a new tag
Caveats
  • Supply blocks, unpowered buildings, or Contaminate may cause inaccurate times.
  • Supply counts are checked every 10 seconds.